 Dungeon Crawl Stone Soup version 0.30-a0-137-gd8773701ce (webtiles) character file.

Game seed: 17695315728967314143

2 funkygono the Chiller (level 1, -2/13 HPs)
             Began as a Demonspawn Ice Elementalist on Sept 21, 2022.
             Slain by a dart slug (3 damage)
             ... on level 1 of the Dungeon.
             The game lasted 00:00:56 (376 turns).

funkygono the Chiller (Demonspawn Ice Elementalist)  Turns: 376, Time: 00:00:56

Health: -2/13      AC:  2    Str:  8    XL:     1   Next: 25%
Magic:  3/3        EV: 12    Int: 16    God:
Gold:   11         SH:  0    Dex: 13    Spells: 3/4 levels left

rFire   . . .      SeeInvis .    (no weapon)
rCold   . . .      Faith    .    (no shield)
rNeg    . . .      Spirit   .    a - +0 robe
rPois   .          Reflect  .    (no helmet)
rElec   .          Harm     .    (no cloak)
rCorr   .          Rampage  .    (no gloves)
Will    .....                    (no boots)
Stlth   ++........               (no amulet)
HPRegen 0.04/turn                (no ring)
MPRegen 0.08/turn                (no ring)

@: no status effects
A: no striking features
a: no special abilities


You were on level 1 of the Dungeon.
You visited 1 branch of the dungeon, and saw 1 of its levels.

You collected 11 gold pieces.

Inventory:

Armour
 a - a +0 robe (worn)
Potions
 b - a potion of magic


   Skills:
 + Level 1.7 Dodging
 - Level 1.7 Stealth
 + Level 2.1 Spellcasting
 + Level 3.6 Ice Magic


You had 3 spell levels left.
You knew the following spells:

 Your Spells              Type           Power      Damage    Failure   Level
a - Freeze                Ice            52%        1d7       4%          1

Your spell library contained the following spells:

 Spells                   Type           Power      Damage    Failure   Level
 Frozen Ramparts          Ice            26%        1d4       14%         3
 Ozocubu's Armour         Ice            13%        N/A       14%         3
 Hailstorm                Conj/Ice       7%         3d4       67%         4


Dungeon Overview and Level Annotations

Branches:
Dungeon (1/15)

Altars:


Message History

The rat completely misses you.
You see here 13 gold pieces.
The bat closely misses you. The bat misses you. The rat barely misses you.
The bat hits you but does no damage. The rat barely misses you.
The bat attacks as you move away! The bat closely misses you.
The bat hits you but does no damage. The rat barely misses you.
The rat misses you. The bat barely misses you.
The dart slug launches a dart at you. The slug dart hits you.
You hit the dart slug.
The dart slug is lightly wounded.
The bat closely misses you. The rat misses you.
You hit the dart slug.
The dart slug is moderately wounded.
The bat hits you. The rat misses you. The dart slug launches a dart at you.
The slug dart hits you. The bat hits you but does no damage.
You hit the dart slug.
The dart slug is heavily wounded.
The bat hits you. The rat completely misses you. The dart slug misses you.
You hit the dart slug.
The dart slug is heavily wounded.
The bat hits you.
* * * LOW HITPOINT WARNING * * *
The rat barely misses you. The bat barely misses you.
The dart slug closely misses you.
You hit the dart slug.
The dart slug is severely wounded.
The bat hits you but does no damage. The rat barely misses you.
You hit the dart slug but do no damage.
The dart slug is severely wounded.
The bat barely misses you. The rat barely misses you.
The bat barely misses you. The dart slug launches a dart at you.
The slug dart hits you.
* * * LOW HITPOINT WARNING * * *
You hit the dart slug but do no damage.
The dart slug is severely wounded.
The bat barely misses you. The rat closely misses you. The dart slug bites you.
You die...

###......###........#
.##.####......###...........
............###.............
.#.######.###(..............
#...###............#
#.....###.........##
#.###...###.##...##
#...###.†...###+##
#.r@w.###....##
#.$....[###...#
#..b..###...#.#
#...###....##...
#.###......# .....
#..........# #...##
##....####.# #.## ###
#.######### #..........


You could see a dart slug, a bat and a rat.

Vanquished Creatures
  A giant cockroach (D:1)
  A ball python (D:1)
2 creatures vanquished.

Notes
Turn   | Place    | Note
-------+----------+-------------------------------------------
     0 | D:1      | funkygono the Demonspawn Ice Elementalist began the quest
                  | for the Orb.
     0 | D:1      | Reached XP level 1. HP: 13/13 MP: 3/3
   376 | D:1      | Slain by a dart slug

Illustrated notes

Levels and vault maps discovered:
D:1:      nagdon_arrival_double_spiral, layout_loops_corners, minmay_unequal

Action                   || total
-------------------------++-------
Melee: Unarmed           ||    43
       Punch             ||     1
Armor: Robe              ||    21
Dodge: Dodged            ||    52

Table legend: (Time is in decaauts)
 A = Elapsed time spent in this place.
 B = Non-inter-level travel time spent in this place.
 C = Inter-level travel time spent in this place.
 D = Time resting spent in this place.
 E = Time spent auto-exploring this place.
 F = Levels seen in this place.
 G = Mean time per level.
                   A        B        C        D        E       F      G
               +--------+--------+--------+--------+--------+-----+--------+
         Total |    410 |    410 |      0 |      0 |    340 |   1 |  410.0 |
       Dungeon |    410 |    410 |      0 |      0 |    340 |   1 |  410.0 |
               +--------+--------+--------+--------+--------+-----+--------+

Top non-repeatable levels by time:
     D:1: 410 daAuts
